 Dungeon Crawl Stone Soup version 0.30-a0-162-g2ba88f6271 (webtiles) character file.

Game seed: 3590225895571978015

103 qw the Chopper (level 4, -7/28 HPs)
             Began as a Gargoyle Fighter on Sept 27, 2022.
             Killed by divine providence
             ... invoked by an orc priest
              (11 damage)
             ... on level 4 of the Dungeon.
             The game lasted 00:01:04 (3101 turns).

qw the Chopper (Gargoyle Fighter)                   Turns: 3101, Time: 00:01:05

Health: -7/28      AC: 12    Str: 22    XL:     4   Next: 79%
Magic:  4/4        EV:  7    Int:  8    God:
Gold:   152        SH:  4    Dex:  9    Spells: 3/3 levels left

rFire   . . .      SeeInvis .    Y - +0 war axe
rCold   . . .      Faith    .    c - +0 buckler
rNeg    + . .      Spirit   .    l - +0 chain mail
rPois   inf        Reflect  .    (no helmet)
rElec   +          Harm     .    (no cloak)
rCorr   .          Rampage  .    (no gloves)
Will    .....                    (no boots)
Stlth   ..........               (no amulet)
HPRegen 0.09/turn                (no ring)
MPRegen 0.09/turn                (no ring)

@: about to teleport
A: sickness immunity, AC +3, negative energy resistance 1, electricity
resistance, torment resistance 1, petrification resistance
a: no special abilities


You were on level 4 of the Dungeon.
You visited 1 branch of the dungeon, and saw 4 of its levels.

You collected 152 gold pieces.


Innate Abilities, Weirdness & Mutations

You are immune to sickness and miasma.
Your stone body is resilient. (AC +3)
You are immune to poison.
You resist negative energy. (rN+)
You are resistant to electric shocks. (rElec)
You are resistant to unholy torment.
You are immune to petrification.


   Skills:
 - Level 3.2 Fighting
 + Level 4.4 Axes
 - Level 3.2 Armour
 - Level 3.2 Shields


You had 3 spell levels left.
You didn't know any spells.
Your spell library was empty.

Inventory:

Hand Weapons
 h - a +0 whip
 Y - a +0 war axe (weapon)
Armour
 c - a +0 buckler (worn)
 l - a +0 chain mail (worn)
Potions
 a - a potion of curing {unknown}
 d - 3 potions of might
 f - a potion of ambrosia {unknown}
 g - a potion of cancellation {unknown}
 i - a potion of heal wounds {unknown}
 j - a potion of flight {unknown}
 k - a potion of resistance {unknown}
 n - 2 potions of haste
 o - a potion of brilliance {unknown}

Dungeon Overview and Level Annotations

Branches:
Dungeon (4/15)
 Temple: D:4-7

Altars:

Shops:
D:1 :


Message History

Found 6 stones, 2 boomerangs, a gilded ring and a mace.
The orc shouts! x2
An orc comes into view. It is wielding a +0 club.
An orc priest comes into view. It is wielding a +0 flail.
The orc shouts!
An orc comes into view. It is wielding a +0 club.
An orc and an orc priest come into view.
The orc shouts!
The orc priest shouts!
The orc priest looks braver for a moment.
You barely miss the orc. You hit the orc. The orc hits you with a +0 hand axe.
A goblin comes into view. It is wielding a +0 club.
The orc barely misses you.
The orc priest calls down the wrath of Beogh upon you.
Beogh smites you!
Ouch! That really hurt!
The goblin shouts!
You slash the orc!
You kill the orc!
You slash the orc!
You kill the orc!
You barely miss the orc. The orc closely misses you.
The orc priest mumbles some strange prayers to Beogh against you.
Pain shoots through your body!
3099 ||| READING scroll of teleportation.
As you read the scroll of teleportation, it crumbles to dust.
You feel strangely unstable. The orc hits you with a +0 club.
You block the orc priest's attack.
You hit the orc priest.
The orc priest is moderately wounded.
You slash the orc!
You kill the orc!
The orc priest hits you but does no damage.
You barely miss the orc priest.
The orc priest is moderately wounded.
The orc priest looks braver for a moment.
The orc priest calls down the wrath of Beogh upon you.
Beogh smites you!
You die...

... ......#.. ..
......... .... ..
#........ #. ....
.##........ <.......
o......... ...#..#
##o..g..).. . #. #.#..##
#..oo....# .##.##.....#
##)@)....#
....#......###.......(#
#......................
.#..............#....(..
.###.........##.##.=....
..#..........#........#.
......##...>.....#...##
.......#....##..###..#
...#.....##.###.### (#


You could see 2 orc priests, 2 orcs and a goblin.

Vanquished Creatures
  2 adders (D:2)
  A worm (D:2)
  3 dart slugs
  6 orcs
  4 bats
  5 endoplasms
  7 giant cockroaches
  6 hobgoblins
  2 jackals (D:2)
  7 kobolds
  2 quokkas (D:1)
  6 ball pythons
  4 frilled lizards
  5 goblins
  3 rats
63 creatures vanquished.

Notes
Turn   | Place    | Note
-------+----------+-------------------------------------------
     0 | D:1      | qw the Gargoyle Fighter began the quest for the Orb.
     0 | D:1      | Reached XP level 1. HP: 14/14 MP: 1/1
     0 | D:1      | 0 ||| qw: Version: 0.2-a-10-g37ed214
     0 | D:1      | 0 ||| qw: Game counter: 717
     0 | D:1      | 0 ||| qw: Always use a shield: true
     0 | D:1      | 0 ||| qw: God list: Okawaru
     0 | D:1      | 0 ||| qw: Allow faded altars: false
     0 | D:1      | 0 ||| qw: Do Orc after D:15 true
     0 | D:1      | 0 ||| qw: Do second Lair branch before Depths: true
     0 | D:1      | 0 ||| qw: Lair rune preference: random
     0 | D:1      | 0 ||| qw: Plans: Normal, Zot:1-4, God:TSO, Crypt, Tomb,
                  | Pan, Slime:5, Hells, Abyss, Orb
     0 | D:1      | 0 ||| PLANNING D:1-11
   202 | D:1      | Reached skill level 2 in Axes
   204 | D:1      | HP: 3/14 [hobgoblin (4)]
   482 | D:1      | 482 ||| Stepping ~*~*~tactically~*~*~ (stealth).
   487 | D:1      | Reached XP level 2. HP: 19/19 MP: 2/2
   532 | D:1      | Found a faded altar of an unknown god.
   633 | D:1      | 633 ||| Stepping ~*~*~tactically~*~*~ (stealth).
   675 | D:1      | 675 ||| Stepping ~*~*~tactically~*~*~ (stealth).
   684 | D:1      | Reached skill level 3 in Axes
   743 | D:1      | 743 ||| Stepping ~*~*~tactically~*~*~ (stealth).
   745 | D:1      | 745 ||| Stepping ~*~*~tactically~*~*~ (stealth).
   750 | D:1      | Reached XP level 3. HP: 23/23 MP: 3/3
   899 | D:1      | Found Oblor's Book Boutique.
  1875 | D:2      | Reached XP level 4. HP: 28/28 MP: 4/4
  2045 | D:2      | Reached skill level 4 in Axes
  2144 | D:2      | 2144 ||| READING scroll labelled DOKONNEOTT.
  2145 | D:2      | 2145 ||| READING scroll labelled MES DASCHUSYLI.
  2146 | D:2      | 2146 ||| DRINKING 2 viscous amethyst potions.
  2147 | D:2      | 2147 ||| DROPPING potion of magic.
  2406 | D:3      | 2406 ||| Stepping ~*~*~tactically~*~*~ (stealth).
  2418 | D:3      | 2418 ||| DROPPING +0 club.
  2512 | D:3      | 2512 ||| Stepping ~*~*~tactically~*~*~ (stealth).
  2924 | D:3      | 2924 ||| Stepping ~*~*~tactically~*~*~ (hiding).
  3003 | D:3      | 3003 ||| UPGRADING to +0 chain mail.
  3013 | D:3      | 3013 ||| DROPPING +0 scale mail.
  3014 | D:3      | 3014 ||| READING scroll labelled KAGUMO BERERCHOPAE.
  3017 | D:3      | 3017 ||| READING scroll labelled IHERUOJUIM.
  3018 | D:3      | 3018 ||| DRINKING 3 murky emerald potions.
  3098 | D:4      | HP: 5/28 [orc priest/nerve-wracking pain (7)]
  3099 | D:4      | 3099 ||| READING scroll of teleportation.
  3101 | D:4      | Killed from afar by an orc priest

Levels and vault maps discovered:
D:1:      dpeg_arrival_lava_altar, layout_loops_ring, serial_shops,
          nicolae_shop_temple_entry_statues_fountains,
          shapermc_ecumenical_altar_starsandcircs
D:2:      layout_loops_ring, nrook_mini_backslash
D:3:      minmay_evil_eye, layout_basic
D:4:      layout_cave_pools, slow_altar_2, mainiacjoe_overflow_paths

Skill      XL: |  1  2  3  4 |
---------------+-------------+-----
Axes           | 2 3 4 |  4.4
Fighting       | |  3.2
Armour         | |  3.2
Shields        | |  3.2

Action                   |  1- 3 |  4- 6 || total
-------------------------+-------+-------++-------
Melee: War axe           |   112 |    84 ||   196
  Use: Scroll            |       |     5 ||     5
       Potion            |       |     2 ||     2
Armor: Scale mail        |    56 |    45 ||   101
       Chain mail        |       |     2 ||     2
Dodge: Dodged            |    45 |    34 ||    79
Block: Buckler           |    24 |    14 ||    38

Table legend:
 A = Non-vault XP
 B = Vault XP
 C = Vault XP percentage of total XP
 D = Non-vault monster count
 E = Vault monster count
 F = Vault count percentage of total count
                 A         B        C        D         E       F
            +---------+---------+-------+---------+---------+-------
      Total |     139 |       9 |   6.1 |      59 |       4 |   6.3
            +---------+---------+-------+---------+---------+-------
        D:1 |      44 |       0 |   0.0 |      25 |       0 |   0.0
        D:2 |      56 |       0 |   0.0 |      15 |       0 |   0.0
        D:3 |      28 |       9 |  24.3 |      15 |       4 |  21.1
        D:4 |      11 |       0 |   0.0 |       4 |       0 |   0.0
            +---------+---------+-------+---------+---------+-------
